 Dungeon Crawl Stone Soup version 0.26.1-11-gd32895ea62 (webtiles) character file.

Game seed: 8332896905104220690

613 phalm the Conjurer (level 7, -4/51 HPs)
             Began as a Gnoll Conjurer on June 5, 2021.
             Slain by Pikel
             ... wielding a +0 whip of electrocution
              (8 damage)
             ... on level 4 of the Dungeon on June 6, 2021.
             The game lasted 00:05:54 (3945 turns).

phalm the Conjurer (Gnoll Conjurer)                 Turns: 3945, Time: 00:05:54

Health: -4/51      AC:  2    Str:  9    XL:     7   Next: 44%
Magic:  3/15       EV: 14    Int: 23    God:
Gold:   109        SH:  0    Dex: 13    Spells: 6/17 levels left

rFire    + . .     SeeInvis .   h - +1 whip (vamp)
rCold    . . .     Faith    .   (no shield)
rNeg     . . .     Spirit   .   o - +0 robe {rF+}
rPois    .         Reflect  .   (no helmet)
rElec    .         Harm     .   (no cloak)
rCorr    .         Rampage  .   (no gloves)
Will     .....                  (no boots)
Stlth    +++.......             (no amulet)
HPRegen  0.17/turn              (no ring)
MPRegen  0.14/turn              (no ring)

@: no status effects
A: distributed training, fangs 1, strong nose
a: no special abilities


You were on level 4 of the Dungeon.
You visited 1 branch of the dungeon, and saw 4 of its levels.

You collected 109 gold pieces.


Innate Abilities, Weirdness & Mutations

Your experience applies equally to all skills.
You have very sharp teeth.
Your uncanny sense of smell can sniff out nearby items.


   Skills:
 + Level 2.5 Fighting
 + Level 2.5 Short Blades
 + Level 2.5 Long Blades
 + Level 2.5 Axes
 + Level 2.5 Maces & Flails
 + Level 2.5 Polearms
 + Level 2.5 Staves
 + Level 2.5 Slings
 + Level 2.5 Bows
 + Level 2.5 Crossbows
 + Level 2.5 Throwing
 + Level 2.5 Armour
 + Level 5.2 Dodging
 + Level 4.9 Stealth
 + Level 2.5 Shields
 + Level 2.5 Unarmed Combat
 + Level 5.6 Spellcasting
 + Level 7.4 Conjurations
 + Level 2.0 Hexes
 + Level 2.0 Summonings
 + Level 2.0 Necromancy
 + Level 2.0 Translocations
 + Level 2.0 Transmutations
 + Level 2.0 Fire Magic
 + Level 2.0 Ice Magic
 + Level 2.0 Air Magic
 + Level 2.0 Earth Magic
 + Level 2.0 Poison Magic
 + Level 2.7 Invocations
 + Level 2.5 Evocations


You had 6 spell levels left.
You knew the following spells:

 Your Spells              Type           Power        Failure   Level
f - Fulminant Prism       Conj/Hex       14%          13%         4
m - Magic Dart            Conj           100%         1%          1
s - Searing Ray           Conj           80%          1%          2
X - Iskenderun's Mystic   Conj/Tloc      28%          13%         4

Your spell library contained the following spells:

 Spells                   Type           Power        Failure   Level
 Dazzling Flash           Conj/Hex       56%          3%          3

Inventory:

Hand Weapons
 h - a +1 vampiric whip (weapon)
   (You found it on level 1 of the Dungeon)
Missiles
 b - 12 sling bullets
 g - 7 poisoned darts
 i - 2 silver boomerangs
 r - 8 boomerangs
 v - 3 atropa-tipped darts
Armour
 o - a +0 robe of fire resistance (worn)
   (You took it off Jessica on level 2 of the Dungeon)
Scrolls
 d - 2 scrolls of teleportation {unknown}
 e - 3 scrolls of remove curse {unknown}
 f - 3 scrolls of blinking {unknown}
 k - 4 scrolls of identify {unknown}
 l - 3 scrolls of amnesia {unknown}
 n - a scroll of enchant armour {unknown}
 p - 2 scrolls of fog {unknown}
 q - a scroll of enchant weapon {unknown}
 u - a scroll of immolation {unknown}
Potions
 a - a potion of curing {unknown}
 c - a potion of might {unknown}
 j - 2 potions of attraction {unknown}
 m - 3 potions of brilliance {unknown}
 s - 2 potions of heal wounds {unknown}
 t - a potion of invisibility {unknown}

Dungeon Overview and Level Annotations

Branches:
Dungeon (4/15)
 Temple: D:4-7

Altars:
Ashenzari

Annotations:
D:4 Pikel

#..##..### # #.#..### #
#..[...# ### ### ..
###)##.......##..
....######.##...........
....).).......#####.#..#
...###..###### #.....#.
##K## .#...#. #.@#
###... #.## ###. ...
#... #!.# #.## ...# .<.
. #### ... # #... #.# ..


You could see Pikel.


Message History

Aiming: Searing Ray (safe; 1% risk of failure)
Press: ? - help, Shift-Dir - straight line, f/p - Blork the orc
Aim: Blork the orc, wielding a +0 morningstar and wearing a +0 robe (severely wounded, 16% to evade)
The searing ray hits Blork the orc!
You kill Blork the orc! (Press . to maintain the ray.)
Your Hexes skill increases to level 2!
Your Summonings skill increases to level 2!
Your Necromancy skill increases to level 2!
Your Translocations skill increases to level 2!
Your Transmutations skill increases to level 2!
Your Fire Magic skill increases to level 2!
Your Ice Magic skill increases to level 2!
Your Air Magic skill increases to level 2!
Your Earth Magic skill increases to level 2!
Your Poison Magic skill increases to level 2! 😮 MP[-2]
You lost 2 mp, and now have 1/15 mp.
Things that are here:
a +0 morningstar; a +0 robe; 😮 MP[+1] Pikel the Slaver comes into view.
He is wielding a +0 whip of electrocution. 😕 HP[+11] MP[+9]
You regained 11 hp, and now have 45/51 hp.
You regained 9 mp, and now have 11/15 mp.
Things that are here:
a +0 morningstar; a +0 robe
v - 3 atropa-tipped darts (gained 1)
Things that are here:
a +0 flail; a gnoll corpse; 😎 HP[+6] MP[+4]
Your hp is fully restored (51).
Your mp is fully restored (15).
A lemure comes into view.
You see here a scratched garnet ring.
The magic dart hits the lemure but does no damage.
The lemure shouts!
You hear a shout!
The lemure completely misses you. 😎 MP[-1]
You lost 1 mp, and now have 14/15 mp.
You barely miss the lemure. The lemure hits you. 😕 HP[-5]
You take 5 damage, and now have 46/51 hp.
Casting: Magic Dart (safe; 1% risk of failure)
Confirm with . or Enter, or press ? or * to list all spells.
Aiming: Searing Ray (safe; 1% risk of failure)
Press: ? - help, Shift-Dir - straight line, f/p - lemure
Aim: a lemure (23% to evade)
The searing ray hits the lemure! (Press . to maintain the ray.)
The lemure hits you! 😮 HP[-8] MP[-2]
You take 8 damage, and now have 38/51 hp.
You lost 2 mp, and now have 12/15 mp.
The searing ray hits the lemure!
The lemure closely misses you. 😕 HP[+1] MP[-1]
You lost 1 mp, and now have 11/15 mp.
The searing ray hits the lemure!
You kill the lemure!
That felt strangely unrewarding. 😕 MP[-1]
You lost 1 mp, and now have 10/15 mp.
Pikel is nearby!
Casting: Searing Ray (safe; 1% risk of failure)
Confirm with . or Enter, or press ? or * to list all spells.
Aiming: Searing Ray (safe; 1% risk of failure)
Press: ? - help, Shift-Dir - straight line, f - Pikel
Aim: Pikel, wielding a +0 whip of electrocution and wearing a +0 robe (23% to evade)
The searing ray misses Pikel. (Press . to maintain the ray.) 😕 MP[-2]
You lost 2 mp, and now have 8/15 mp.
The searing ray hits Pikel!
The searing ray hits Pikel!
Pikel hits you with a +0 whip of electrocution.
You are electrocuted!
* * * LOW HITPOINT WARNING * * *
😨 HP[-16] MP[-1]
You take 16 damage, and now have 23/51 hp.
MASSIVE DAMAGE!! (PAUSE)
You lost 1 mp, and now have 7/15 mp.
The searing ray misses Pikel.
You finish channeling your searing ray.
Pikel barely misses you. 😨 MP[-1]
You lost 1 mp, and now have 6/15 mp.
Casting: Searing Ray (safe; 1% risk of failure)
Confirm with . or Enter, or press ? or * to list all spells.
Aiming: Searing Ray (safe; 1% risk of failure)
Press: ? - help, Shift-Dir - straight line, f/p - Pikel
Aim: Pikel, wielding a +0 whip of electrocution and wearing a +0 robe (heavily wounded, 23% to evade)
The searing ray misses Pikel. (Press . to maintain the ray.) Pikel hits you with a +0 whip of electrocution.
* * * LOW HITPOINT WARNING * * *
You are electrocuted!!
* * * LOW HITPOINT WARNING * * *
😱 HP[-19] MP[-2]
You take 19 damage, and now have 4/51 hp.
MASSIVE DAMAGE!! (PAUSE)
You lost 2 mp, and now have 4/15 mp.
The searing ray hits Pikel!
Pikel hits you with a +0 whip of electrocution!
You die...

Skill      XL: |  1  2  3  4  5  6  7 |
---------------+----------------------+-----
Spellcasting   | 5 |  5.6
Invocations    | 1 2 |  2.7
Fighting       | 1 2 |  2.5
Short Blades   | 1 2 |  2.5
Long Blades    | 1 2 |  2.5
Axes           | 1 2 |  2.5
Maces & Flails | 1 2 |  2.5
Polearms       | 1 2 |  2.5
Staves         | 1 2 |  2.5
Slings         | 1 2 |  2.5
Bows           | 1 2 |  2.5
Crossbows      | 1 2 |  2.5
Throwing       | 1 2 |  2.5
Armour         | 1 2 |  2.5
Shields        | 1 2 |  2.5
Unarmed Combat | 1 2 |  2.5
Evocations     | 1 2 |  2.5
Hexes          | 1 2 |  2.0
Summonings     | 1 2 |  2.0
Necromancy     | 1 2 |  2.0
Translocations | 1 2 |  2.0
Transmutations | 1 2 |  2.0
Fire Magic     | 1 2 |  2.0
Ice Magic      | 1 2 |  2.0
Air Magic      | 1 2 |  2.0
Earth Magic    | 1 2 |  2.0
Poison Magic   | 1 2 |  2.0
Dodging        | 5 |  5.2
Stealth        | |  4.9
Conjurations   | |  7.4

Action                   |  1- 3 |  4- 6 |  7- 9 || total
-------------------------+-------+-------+-------++-------
Melee: Whip              |       |     7 |    13 ||    20
       Bite              |       |       |     2 ||     2
Throw: Dart              |       |       |     1 ||     1
 Cast: Magic Dart        |    49 |    84 |     9 ||   142
       Searing Ray       |     2 |    10 |     7 ||    19
 Stab: Invisible         |       |       |     2 ||     2
Armor: Robe              |       |     1 |       ||     1
Dodge: Dodged            |       |    13 |    12 ||    25

Levels and vault maps discovered:
D:1:      dpeg_chamrin_arrival_tetris, layout_basic
D:2:      layout_rooms, serial_co_window_serial, co_window_corner_a,
          co_window_paths_a, co_window_of_opportunity_a, co_window_paths_b,
          co_window_corner_a, co_window_2corner, co_window_corner_cb,
          co_window_cross_2, co_window_4corner_b, ashenzari_altar_1,
          uniq_jessica
D:3:      layout_rooms
D:4:      layout_rooms, uniq_blork_the_orc, uniq_pikel

Notes
Turn   | Place    | Note
-------+----------+-------------------------------------------
     0 | D:1      | phalm the Gnoll Conjurer began the quest for the Orb.
     0 | D:1      | Reached XP level 1. HP: 13/13 MP: 6/6
     0 | D:1      | magus.rc [v1.9.10]
   136 | D:1      | magus.rc [v1.9.10]
   136 | D:1      | magus.rc [v1.9.10]
   201 | D:1      | Reached XP level 2. HP: 19/19 MP: 4/7
   205 | D:1      | Learned a level 2 spell: Searing Ray
   904 | D:1      | Reached XP level 3. HP: 25/25 MP: 3/9
   969 | D:1      | Reached skill level 5 in Spellcasting
  1430 | D:2      | Found a broken altar of Ashenzari.
  1846 | D:2      | Noticed Jessica
  1852 | D:2      | Reached skill level 1 in Invocations
  1902 | D:2      | Killed Jessica
  1903 | D:2      | Reached skill level 1 in Fighting
  1903 | D:2      | Reached skill level 1 in Short Blades
  1903 | D:2      | Reached skill level 1 in Long Blades
  1903 | D:2      | Reached skill level 1 in Axes
  1903 | D:2      | Reached skill level 1 in Maces & Flails
  1903 | D:2      | Reached skill level 1 in Polearms
  1903 | D:2      | Reached skill level 1 in Staves
  1903 | D:2      | Reached skill level 1 in Slings
  1903 | D:2      | Reached skill level 1 in Bows
  1903 | D:2      | Reached skill level 1 in Crossbows
  1903 | D:2      | Reached skill level 1 in Throwing
  1903 | D:2      | Reached skill level 1 in Armour
  1903 | D:2      | Reached skill level 1 in Shields
  1903 | D:2      | Reached skill level 1 in Unarmed Combat
  1903 | D:2      | Reached skill level 1 in Evocations
  1903 | D:2      | Reached XP level 4. HP: 32/32 MP: 2/11
  2257 | D:2      | Learned a level 4 spell: Fulminant Prism
  2262 | D:2      | Learned a level 4 spell: Iskenderun's Mystic Blast
  2435 | D:3      | Noticed an ogre
  2440 | D:3      | Killed an ogre
  2441 | D:3      | Reached skill level 1 in Hexes
  2441 | D:3      | Reached skill level 1 in Summonings
  2441 | D:3      | Reached skill level 1 in Necromancy
  2441 | D:3      | Reached skill level 1 in Translocations
  2441 | D:3      | Reached skill level 1 in Transmutations
  2441 | D:3      | Reached skill level 1 in Fire Magic
  2441 | D:3      | Reached skill level 1 in Ice Magic
  2441 | D:3      | Reached skill level 1 in Air Magic
  2441 | D:3      | Reached skill level 1 in Earth Magic
  2441 | D:3      | Reached skill level 1 in Poison Magic
  2441 | D:3      | Reached XP level 5. HP: 37/37 MP: 5/12
  2722 | D:3      | Noticed an ogre
  2726 | D:3      | Killed an ogre
  2727 | D:3      | Reached skill level 2 in Invocations
  2727 | D:3      | Reached XP level 6. HP: 44/44 MP: 8/14
  2820 | D:3      | Reached skill level 5 in Dodging
  3266 | D:4      | Reached skill level 2 in Fighting
  3266 | D:4      | Reached skill level 2 in Short Blades
  3266 | D:4      | Reached skill level 2 in Long Blades
  3266 | D:4      | Reached skill level 2 in Axes
  3266 | D:4      | Reached skill level 2 in Maces & Flails
  3266 | D:4      | Reached skill level 2 in Polearms
  3266 | D:4      | Reached skill level 2 in Staves
  3266 | D:4      | Reached skill level 2 in Slings
  3266 | D:4      | Reached skill level 2 in Bows
  3266 | D:4      | Reached skill level 2 in Crossbows
  3266 | D:4      | Reached skill level 2 in Throwing
  3266 | D:4      | Reached skill level 2 in Armour
  3266 | D:4      | Reached skill level 2 in Shields
  3266 | D:4      | Reached skill level 2 in Unarmed Combat
  3266 | D:4      | Reached skill level 2 in Evocations
  3701 | D:4      | Noticed a sky beast
  3707 | D:4      | Killed a sky beast
  3708 | D:4      | Reached XP level 7. HP: 51/51 MP: 7/15
  3804 | D:4      | Noticed Blork the orc
  3827 | D:4      | Killed Blork the orc
  3828 | D:4      | Reached skill level 2 in Hexes
  3828 | D:4      | Reached skill level 2 in Summonings
  3828 | D:4      | Reached skill level 2 in Necromancy
  3828 | D:4      | Reached skill level 2 in Translocations
  3828 | D:4      | Reached skill level 2 in Transmutations
  3828 | D:4      | Reached skill level 2 in Fire Magic
  3828 | D:4      | Reached skill level 2 in Ice Magic
  3828 | D:4      | Reached skill level 2 in Air Magic
  3828 | D:4      | Reached skill level 2 in Earth Magic
  3828 | D:4      | Reached skill level 2 in Poison Magic
  3892 | D:4      | Noticed Pikel
  3944 | D:4      | HP: 4/51 [Pikel/+0 whip of electrocution (18)]
  3945 | D:4      | Slain by Pikel

Vanquished Creatures
  A sky beast (D:4)
  3 ogres
  4 lemures (D:4)
  Blork the orc (D:4)
  Jessica (D:2)
  An iguana (D:4)
  An orc wizard (D:3)
  4 gnolls (D:4)
  2 adders (D:3)
  2 oozes
  2 adder skeletons (D:4)
  2 worms
  A leopard gecko (D:4)
  4 orcs (D:3)
  5 bats
  4 giant cockroaches
  6 goblins
  9 hobgoblins
  5 kobolds
  A quokka (D:3)
  A ball python (D:1)
  2 frilled lizards
  8 rats
70 creatures vanquished.

Table legend:
 A = Non-vault XP
 B = Vault XP
 C = Vault XP percentage of total XP
 D = Non-vault monster count
 E = Vault monster count
 F = Vault count percentage of total count
                 A         B        C        D         E       F
            +---------+---------+-------+---------+---------+-------
      Total |     745 |     131 |  15.0 |      64 |       2 |   3.0
            +---------+---------+-------+---------+---------+-------
        D:1 |      42 |       0 |   0.0 |      23 |       0 |   0.0
        D:2 |      15 |      37 |  71.2 |       8 |       1 |  11.1
        D:3 |     340 |       0 |   0.0 |      22 |       0 |   0.0
        D:4 |     348 |      94 |  21.3 |      11 |       1 |   8.3
            +---------+---------+-------+---------+---------+-------

Illustrated notes

Table legend:
 A = Kills in this place as a percentage of kills in entire the game.
 B = Kills by you in this place as a percentage of kills by you in the entire game.
 C = Kills by friends in this place as a percentage of kills by friends in the entire game.
 D = Other kills in this place as a percentage of other kills in the entire game.
 E = Experience gained in this place as a percentage of experience gained in the entire game.
 F = Experience gained in this place divided by the number of levels of this place that you have seen.
                   A       B       C       D       E      F
               +-------+-------+-------+-------+-------+----------------------
         Total | 100.0 | 100.0 |   N/A |   N/A | 100.0 | 219.0
       Dungeon | 100.0 | 100.0 |   N/A |   N/A | 100.0 | 219.0
               +-------+-------+-------+-------+-------+----------------------

Table legend: (Time is in decaauts)
 A = Elapsed time spent in this place.
 B = Non-inter-level travel time spent in this place.
 C = Inter-level travel time spent in this place.
 D = Time resting spent in this place.
 E = Time spent auto-exploring this place.
 F = Levels seen in this place.
 G = Mean time per level.
                   A        B        C        D        E       F      G
               +--------+--------+--------+--------+--------+-----+--------+
         Total |   3942 |   3855 |     87 |      7 |   3483 |   4 |  985.5 |
       Dungeon |   3942 |   3855 |     87 |      7 |   3483 |   4 |  985.5 |
               +--------+--------+--------+--------+--------+-----+--------+

Top non-repeatable levels by time:
     D:1: 1366 daAuts
     D:3: 960 daAuts
     D:2: 903 daAuts
     D:4: 712 daAuts
